Jets vs Senateurs
Created - May 3, 2022 at 20:32
Goals
|
| Jets |
0 |
1 |
3 |
4 |
| Senateurs |
4 |
1 |
1 |
6 |
|
Shots
|
| Jets |
5 |
16 |
11 |
32 |
| Senateurs |
11 |
15 |
2 |
28 |
|
1st period
1. Senateurs , Sidney Crosby 36 (Eric Gelinas 21) at 0:14
2. Senateurs , Erik Haula 10 (Max Pacioretty 26, Mike Green 26) at 6:00
3. Senateurs , Sidney Crosby 37 (Reilly Smith 29) at 6:08
4. Senateurs , Sidney Crosby 38 (Sean Bergenheim 22, Reilly Smith 30) at 17:52 (PP)
Penalties :
Jordan Martinook (Win) for Tripping (Minor) at 1:29, Sean Bergenheim (Ott) for Hooking (Minor) at 7:46, Viktor Arvidsson (Win) for Hooking (Minor) at 11:33, Frank Vatrano (Win) for Cross-checking (Minor) at 17:42
2nd period
5. Senateurs , Mike Green 5 (Max Pacioretty 27, Jonathan Bernier) at 10:26
6. Jets , Jason Zucker 17 (Ryan Johansen 43) at 10:32
Penalties :
Sidney Crosby (Ott) for Hooking (Minor) at 0:52, Mike Green (Ott) for Holding (Minor) at 6:26, Noel Acciari (Win) for High sticking (Minor) at 13:45
3rd period
7. Senateurs , Reilly Smith 22 (Sidney Crosby 46) at 1:08 (PP)
8. Jets , Dougie Hamilton 8 (Jeff Schultz 27, Ryan Johansen 44) at 1:19
9. Jets , Max Domi 17 (Adam Henrique 27) at 14:56
10. Jets , Noel Acciari 4 (Johnny Boychuk 10, Jordan Martinook 7) at 16:15
Penalties :
Marco Scandella (Win) for Hooking (Minor) at 0:50, Cody Franson (Ott) for Holding (Minor) at 3:27, Jake McCabe (Win) for Hooking (Minor) at 5:40, Johnny Boychuk (Win) for Hooking (Minor) at 11:38, Ryan Getzlaf (Ott) for Hooking (Minor) at 17:45
Goalie Stats
Marc-André Fleury (Win), 6 saves from 10 shots - (0.600), 17:52 minutes
Michal Neuvirth (Win), 16 saves from 18 shots - (0.889), L, 19-22-2, 42:08 minutes
Jonathan Bernier (Ott), 28 saves from 32 shots - (0.875), W, 17-10-2, 60:00 minutes
Players Stats for Jets
Player Name G A P +/- PIM S H SB GA TA FO MP PP MP PK MP
------------------------------------------------------------------------------------
Adam Henrique 0 1 1 1 0 4 1 0 0 0 6/13 17:40 5:38 1:02
Alexander Wennberg 0 0 0 0 0 2 0 0 1 0 3/5 9:23 0:08 0:13
Brent Burns 0 0 0 0 0 2 2 3 0 0 0/0 23:59 4:07 6:02
Dougie Hamilton 1 0 1 0 0 4 2 2 0 0 0/0 22:54 5:48 0:47
Eric Nystrom 0 0 0 0 0 3 3 0 1 1 1/1 12:51 0:00 4:17
Frank Vatrano 0 0 0 1 2 0 2 0 1 2 0/0 10:59 0:00 5:26
Jake McCabe 0 0 0 0 2 1 1 1 0 0 0/0 15:48 5:48 0:32
Jason Zucker 1 0 1 -2 0 5 0 2 0 1 1/1 20:42 5:38 0:18
Jeff Schultz 0 1 1 0 0 1 2 0 1 0 0/0 23:36 0:00 6:14
Johnny Boychuk 0 1 1 0 2 1 1 0 0 0 0/0 12:43 0:00 3:10
Jordan Martinook 0 1 1 1 2 0 1 0 0 0 0/0 5:11 0:00 0:00
Kyle Okposo 0 0 0 1 0 0 0 0 0 0 1/3 17:35 4:17 2:30
Marco Scandella 0 0 0 0 2 0 2 0 1 0 0/0 20:58 4:07 4:01
Max Domi 1 0 1 1 0 2 2 0 1 0 0/0 14:59 4:15 0:00
Noel Acciari 1 0 1 1 2 2 3 0 0 0 2/9 10:06 0:00 4:31
Pierre-Marc Bouchard 0 0 0 0 0 1 0 0 0 0 0/0 8:32 0:00 0:00
Ryan Johansen 0 2 2 -2 0 2 2 0 0 0 16/26 21:20 4:17 2:29
Viktor Arvidsson 0 0 0 -2 2 2 2 1 0 0 0/2 20:14 5:32 0:00
Players Stats for Senateurs
Player Name G A P +/- PIM S H SB GA TA FO MP PP MP PK MP
------------------------------------------------------------------------------------
Brandon Burlon 0 0 0 0 0 0 1 0 0 0 0/0 9:08 0:00 1:00
Cody Franson 0 0 0 -3 2 2 2 0 0 2 0/0 20:50 4:26 2:15
Eric Gelinas 0 1 1 3 0 0 3 2 1 1 0/0 29:25 5:57 6:12
Eric Wellwood 0 0 0 0 0 2 1 1 0 0 0/0 9:18 0:05 1:53
Erik Haula 1 0 1 1 0 1 0 0 0 0 8/15 19:26 4:35 4:39
Jason Pominville 0 0 0 1 0 1 1 0 0 0 0/1 14:27 4:35 0:00
Loui Eriksson 0 0 0 0 0 0 1 0 0 0 0/1 9:36 0:23 0:00
Max Friberg 0 0 0 0 0 1 0 0 0 0 0/1 7:24 0:06 0:00
Max Pacioretty 0 2 2 1 0 1 2 0 0 1 0/0 17:52 4:35 3:04
Mike Green 1 1 2 3 2 4 4 2 1 0 0/0 28:18 5:57 4:49
Reilly Smith 1 2 3 -1 0 3 4 0 0 0 2/2 18:41 5:42 0:00
Rostislav Olesz 0 0 0 0 0 0 0 1 0 1 0/0 9:10 0:00 0:02
Ryan Getzlaf 0 0 0 0 2 1 1 1 0 0 2/3 8:33 0:00 1:01
Sean Bergenheim 0 1 1 -1 2 4 2 2 0 0 0/0 23:11 5:31 4:35
Sidney Crosby 3 1 4 -1 2 6 3 1 1 0 17/35 23:09 5:37 4:33
Taylor Chorney 0 0 0 -3 0 1 1 0 1 0 0/0 22:47 4:26 4:11
Tim Connolly 0 0 0 0 0 1 1 1 0 1 1/2 9:06 0:00 0:03
Wes O'Neill 0 0 0 0 0 0 1 1 0 0 0/0 9:39 0:00 1:23
3 Stars
1 - Sidney Crosby (Ott)
2 - Mike Green (Ott)
3 - Reilly Smith (Ott)
Power Play
Jets - 0 on 5 Attempt(s) - 0.00%
Senateurs - 2 on 7 Attempt(s) - 28.57%
Penalty Kill
Jets - 5 on 7 Attempt(s) - 71.43%
- Score 0 goal in Penalty Kill
Senateurs - 5 on 5 Attempt(s) - 100.00%
- Score 0 goal in Penalty Kill
Team Stat
Jets - Hits : 26 - Faceoff Wins : 30 - Blocked Shots : 9 - Penalty Minutes : 14
Senateurs - Hits : 28 - Faceoff Wins : 30 - Blocked Shots : 12 - Penalty Minutes : 10
Official
Referees : Jon McIsaac and Tim Peel
Linesman : Vaughan Rody and Brad Kovachik
Game Notes
Sidney Crosby has scored a Hat Trick!
Michal Neuvirth enters game at 17:52 of 1st period
Finance
Level 1 -- Attendance: 6000 (100.00%) -- Ticket Income $600,000
Level 2 -- Attendance: 4514 (90.28%) -- Ticket Income $270,840
Level 3 -- Attendance: 1838 (91.90%) -- Ticket Income $64,330
Level 4 -- Attendance: 4000 (100.00%) -- Ticket Income $100,000
Luxury Box -- Attendance: 975 (97.50%) -- Ticket Income $195,000
Game was played at the Centre Canadian Tire.
Total Attendance: 17327 (96.26%)
Total Ticket Income: $1,230,170
Other Income: $184,526
Total Income: $1,414,696
Jets
5 vs 5 Forward
Center Left Wing Right Wing Time % Phy DF OF
1 Ryan Johansen Jason Zucker Viktor Arvidsson 40 1 2 2
2 Adam Henrique Max Domi Kyle Okposo 30 1 2 2
3 Alexander Wennberg Eric Nystrom Pierre-Marc Bouchard 20 1 2 2
4 Noel Acciari Jordan Martinook Frank Vatrano 10 1 2 2
5 vs 5 Defense
Defense Defense Time % Phy DF OF
1 Jeff Schultz Dougie Hamilton 40 1 2 2
2 Marco Scandella Brent Burns 30 1 2 2
3 Jake McCabe Johnny Boychuk 20 1 2 2
4 Jeff Schultz Brent Burns 10 1 2 2
PowerPlay Forward
Center Left Wing Right Wing Time % Phy DF OF
1 Adam Henrique Jason Zucker Viktor Arvidsson 60 0 0 5
2 Ryan Johansen Max Domi Kyle Okposo 40 0 0 5
PowerPlay Defense
Defense Defense Time % Phy DF OF
1 Jake McCabe Dougie Hamilton 60 0 1 4
2 Marco Scandella Brent Burns 40 0 1 4
Penalty Kill 4 Players Forward
Center Wing Time % Phy DF OF
1 Noel Acciari Frank Vatrano 60 0 4 1
2 Ryan Johansen Eric Nystrom 40 0 4 1
Penalty Kill 4 Players Defense
Defense Defense Time % Phy DF OF
1 Jeff Schultz Brent Burns 60 0 4 1
2 Marco Scandella Johnny Boychuk 40 0 4 1
Penalty Kill - 3 Players Forward
Forward Time % Phy DF OF
1 Adam Henrique 60 0 4 1
2 Ryan Johansen 40 0 4 1
Penalty Kill - 3 Players Defense
Defense Defense Time % Phy DF OF
1 Jeff Schultz Brent Burns 60 0 5 0
2 Marco Scandella Dougie Hamilton 40 0 5 0
4 vs 4 Forward
Center Wing Time % Phy DF OF
1 Adam Henrique Kyle Okposo 60 1 2 2
2 Ryan Johansen Jason Zucker 40 1 2 2
4 vs 4 Defense
Defense Defense Time % Phy DF OF
1 Jeff Schultz Brent Burns 60 1 2 2
2 Marco Scandella Dougie Hamilton 40 1 2 2
Last Minutes Offensive
Center Left Wing Right Wing Defense Defense
Ryan Johansen Jason Zucker Viktor Arvidsson Jeff Schultz Dougie Hamilton
Last Minutes Defensive
Center Left Wing Right Wing Defense Defense
Ryan Johansen Eric Nystrom Frank Vatrano Jeff Schultz Brent Burns
Goaltenders
Starting : Marc-André Fleury
Backup : Michal Neuvirth
Extra Forwards
Normal : Jason Zucker, Max Domi, Viktor Arvidsson - PP : Alexander Wennberg, Kyle Okposo - PK : Kyle Okposo
Extra Defensemen
Normal : Dougie Hamilton, Jake McCabe, Johnny Boychuk - PP : Dougie Hamilton - PK : Dougie Hamilton, Jake McCabe
Penalty Shots
Viktor Arvidsson, Ryan Johansen, Jason Zucker, Noel Acciari, Kyle Okposo
Scratches
None
Senateurs
5 vs 5 Forward
Center Left Wing Right Wing Time % Phy DF OF
1 Sidney Crosby Sean Bergenheim Reilly Smith 40 0 1 4
2 Erik Haula Max Pacioretty Jason Pominville 30 0 1 4
3 Tim Connolly Rostislav Olesz Loui Eriksson 20 0 2 3
4 Ryan Getzlaf Eric Wellwood Max Friberg 10 0 2 3
5 vs 5 Defense
Defense Defense Time % Phy DF OF
1 Eric Gelinas Mike Green 40 1 3 1
2 Cody Franson Taylor Chorney 30 1 3 1
3 Wes O'Neill Brandon Burlon 20 1 3 1
4 Eric Gelinas Mike Green 10 1 3 1
PowerPlay Forward
Center Left Wing Right Wing Time % Phy DF OF
1 Sidney Crosby Sean Bergenheim Reilly Smith 60 0 1 4
2 Erik Haula Max Pacioretty Jason Pominville 40 0 1 4
PowerPlay Defense
Defense Defense Time % Phy DF OF
1 Eric Gelinas Mike Green 60 0 2 3
2 Cody Franson Taylor Chorney 40 0 2 3
Penalty Kill 4 Players Forward
Center Wing Time % Phy DF OF
1 Sidney Crosby Sean Bergenheim 60 1 2 2
2 Erik Haula Max Pacioretty 40 1 2 2
Penalty Kill 4 Players Defense
Defense Defense Time % Phy DF OF
1 Eric Gelinas Mike Green 60 1 3 1
2 Cody Franson Taylor Chorney 40 1 3 1
Penalty Kill - 3 Players Forward
Forward Time % Phy DF OF
1 Sidney Crosby 60 1 3 1
2 Erik Haula 40 1 3 1
Penalty Kill - 3 Players Defense
Defense Defense Time % Phy DF OF
1 Eric Gelinas Mike Green 60 1 4 0
2 Cody Franson Taylor Chorney 40 1 4 0
4 vs 4 Forward
Center Wing Time % Phy DF OF
1 Sidney Crosby Sean Bergenheim 60 0 2 3
2 Erik Haula Max Pacioretty 40 0 2 3
4 vs 4 Defense
Defense Defense Time % Phy DF OF
1 Eric Gelinas Mike Green 60 1 3 1
2 Cody Franson Taylor Chorney 40 1 3 1
Last Minutes Offensive
Center Left Wing Right Wing Defense Defense
Sidney Crosby Sean Bergenheim Reilly Smith Eric Gelinas Mike Green
Last Minutes Defensive
Center Left Wing Right Wing Defense Defense
Sidney Crosby Sean Bergenheim Reilly Smith Eric Gelinas Mike Green
Goaltenders
Starting : Jonathan Bernier
Backup : Brian Elliott
Extra Forwards
Normal : Erik Haula, Loui Eriksson, Rostislav Olesz - PP : Erik Haula, Loui Eriksson - PK : Erik Haula
Extra Defensemen
Normal : Taylor Chorney, Wes O'Neill, Brandon Burlon - PP : Taylor Chorney - PK : Taylor Chorney, Wes O'Neill
Penalty Shots
Sidney Crosby, Sean Bergenheim, Reilly Smith, Max Pacioretty, Erik Haula
Scratches
Sergei Kostitsyn (Healthy), T.J. Fast (Healthy)
% Time on Ice - Jets
Lines # - Real PCT - Wanted PCT - Time Play
Normal Forward
1 - 38% - 40% - 15:11
2 - 27% - 30% - 10:48
3 - 21% - 20% - 8:32
4 - 13% - 10% - 5:11
Normal Defense
1 - 42% - 40% - 16:33
2 - 32% - 30% - 12:52
3 - 23% - 20% - 8:59
4 - 3% - 10% - 1:18
PP Forward
1 - 57% - 60% - 5:38
2 - 43% - 40% - 4:17
PP Defense
1 - 58% - 60% - 5:48
2 - 42% - 40% - 4:07
PK Forward
1 - 76% - 60% - 7:54
2 - 24% - 40% - 2:29
PK Defense
1 - 60% - 60% - 6:14
2 - 40% - 40% - 4:09
PK3 Forward
1 - 0% - 60%
2 - 0% - 40%
PK3 Defense
1 - 0% - 60%
2 - 0% - 40%
44 Forward
1 - 0% - 60%
2 - 0% - 40%
44 Defense
1 - 0% - 60%
2 - 0% - 40%
Last Minute Offensive - 0:00
Last Minute Defensive - 0:00
Total
Forward - 60:00
Defense - 60:00
|
% Time on Ice - Senateurs
Lines # - Real PCT - Wanted PCT - Time Play
Normal Forward
1 - 33% - 40% - 13:15
2 - 26% - 30% - 10:12
3 - 23% - 20% - 9:03
4 - 18% - 10% - 7:12
Normal Defense
1 - 41% - 40% - 16:22
2 - 36% - 30% - 14:10
3 - 20% - 20% - 7:54
4 - 3% - 10% - 1:16
PP Forward
1 - 56% - 60% - 5:48
2 - 44% - 40% - 4:35
PP Defense
1 - 57% - 60% - 5:57
2 - 43% - 40% - 4:26
PK Forward
1 - 78% - 60% - 7:42
2 - 22% - 40% - 2:13
PK Defense
1 - 69% - 60% - 6:48
2 - 31% - 40% - 3:07
PK3 Forward
1 - 0% - 60%
2 - 0% - 40%
PK3 Defense
1 - 0% - 60%
2 - 0% - 40%
44 Forward
1 - 0% - 60%
2 - 0% - 40%
44 Defense
1 - 0% - 60%
2 - 0% - 40%
Last Minute Offensive - 0:00
Last Minute Defensive - 0:00
Total
Forward - 60:00
Defense - 60:00
|
Play-by-Play
1st period
0:01 of 1st period - Ryan Johansen wins face-off versus Sidney Crosby in neutral zone.
0:14 of 1st period - Snap shot by Sidney Crosby.
0:14 of 1st period - Goal by Sidney Crosby - Jets : 0 - Senateurs : 1.
0:15 of 1st period - Erik Haula wins face-off versus Adam Henrique in neutral zone.
0:30 of 1st period - Cody Franson is hit by Marco Scandella and loses puck.
0:50 of 1st period - Off-side.
0:51 of 1st period - Ryan Johansen wins face-off versus Sidney Crosby in neutral zone.
1:06 of 1st period - Snap shot by Jason Zucker.
1:06 of 1st period - Stopped by Jonathan Bernier without a rebound.
1:07 of 1st period - Ryan Getzlaf wins face-off versus Noel Acciari in Senateurs zone.
1:07 of 1st period - Ryan Getzlaf is hit by Frank Vatrano.
1:19 of 1st period - Snap shot by Eric Gelinas.
1:19 of 1st period - Shot Misses the Net.
1:21 of 1st period - Snap shot by Max Friberg.
1:21 of 1st period - Shot Misses the Net.
1:23 of 1st period - Wrist shot by Mike Green.
1:23 of 1st period - Stopped by Marc-André Fleury with a rebound.
1:29 of 1st period - Minor Penalty to Jordan Martinook for Tripping.
1:30 of 1st period - Sidney Crosby wins face-off versus Noel Acciari in Jets zone.
2:12 of 1st period - Off-side.
2:13 of 1st period - Erik Haula wins face-off versus Noel Acciari in neutral zone.
3:29 of 1st period - Penalty to Jordan Martinook is over, Jordan Martinook is back on ice.
3:42 of 1st period - Snap shot by Kyle Okposo.
3:42 of 1st period - Shot Blocked by Rostislav Olesz.
3:50 of 1st period - Kyle Okposo is hit by Loui Eriksson and loses puck.
4:22 of 1st period - Icing by Eric Nystrom.
4:23 of 1st period - Eric Nystrom wins face-off versus Erik Haula in Jets zone.
4:32 of 1st period - Jeff Schultz is hit by Eric Gelinas and loses puck.
4:47 of 1st period - Slapshot by Jeff Schultz.
4:47 of 1st period - Shot Blocked by Mike Green.
4:49 of 1st period - Wrist shot by Jeff Schultz.
4:49 of 1st period - Shot Misses the Net.
5:12 of 1st period - Wrist shot by Tim Connolly.
5:12 of 1st period - Stopped by Marc-André Fleury without a rebound.
5:13 of 1st period - Ryan Johansen wins face-off versus Erik Haula in Jets zone.
5:18 of 1st period - Taylor Chorney is hit by Ryan Johansen and loses puck.
5:23 of 1st period - Snap shot by Viktor Arvidsson.
5:23 of 1st period - Stopped by Jonathan Bernier with a rebound.
5:25 of 1st period - Snap shot by Jason Zucker.
5:25 of 1st period - Shot Misses the Net.
5:27 of 1st period - Snap shot by Ryan Johansen.
5:27 of 1st period - Deflect By Jason Zucker.
5:27 of 1st period - Shot Misses the Net.
5:27 of 1st period - Puck is out of play.
5:28 of 1st period - Adam Henrique wins face-off versus Sidney Crosby in Senateurs zone.
5:56 of 1st period - Snap shot by Max Pacioretty.
5:56 of 1st period - Shot Hit the Post.
5:58 of 1st period - Snap shot by Mike Green.
5:58 of 1st period - Deflect By Max Pacioretty.
5:58 of 1st period - Stopped by Marc-André Fleury with a rebound.
6:00 of 1st period - Wrist shot by Erik Haula.
6:00 of 1st period - Goal by Erik Haula - Jets : 0 - Senateurs : 2.
6:01 of 1st period - Sidney Crosby wins face-off versus Ryan Johansen in neutral zone.
6:08 of 1st period - Slapshot by Sidney Crosby.
6:08 of 1st period - Goal by Sidney Crosby - Jets : 0 - Senateurs : 3.
6:09 of 1st period - Ryan Johansen wins face-off versus Sidney Crosby in neutral zone.
6:14 of 1st period - Wrist shot by Jason Zucker.
6:14 of 1st period - Stopped by Jonathan Bernier without a rebound.
6:15 of 1st period - Ryan Johansen wins face-off versus Sidney Crosby in Senateurs zone.
6:16 of 1st period - Wrist shot by Viktor Arvidsson.
6:16 of 1st period - Shot Blocked by Sidney Crosby.
6:42 of 1st period - Wrist shot by Ryan Johansen.
6:42 of 1st period - Shot Blocked by Eric Gelinas.
6:46 of 1st period - Slapshot by Pierre-Marc Bouchard.
6:46 of 1st period - Stopped by Jonathan Bernier with a rebound.
6:48 of 1st period - Wrist shot by Eric Nystrom.
6:48 of 1st period - Shot Hit the Post.
6:50 of 1st period - Wrist shot by Eric Nystrom.
6:50 of 1st period - Stopped by Jonathan Bernier without a rebound.
6:51 of 1st period - Adam Henrique wins face-off versus Loui Eriksson in Senateurs zone.
7:17 of 1st period - Johnny Boychuk is hit by Reilly Smith and loses puck.
7:21 of 1st period - Icing by Ryan Johansen.
7:22 of 1st period - Ryan Johansen wins face-off versus Sidney Crosby in Jets zone.
7:22 of 1st period - Ryan Johansen is hit by Sean Bergenheim.
7:44 of 1st period - Wrist shot by Viktor Arvidsson.
7:44 of 1st period - Shot Misses the Net.
7:46 of 1st period - Minor Penalty to Sean Bergenheim for Hooking.
7:47 of 1st period - Sidney Crosby wins face-off versus Viktor Arvidsson in Senateurs zone.
8:14 of 1st period - Sidney Crosby is hit by Max Domi and loses puck.
8:59 of 1st period - Adam Henrique is hit by Sidney Crosby and loses puck.
9:23 of 1st period - Erik Haula is hit by Adam Henrique and loses puck.
9:46 of 1st period - Penalty to Sean Bergenheim is over, Sean Bergenheim is back on ice.
10:39 of 1st period - Johnny Boychuk is hit by Wes O'Neill and loses puck.
10:54 of 1st period - Eric Nystrom is hit by Max Pacioretty and loses puck.
11:05 of 1st period - Reilly Smith is hit by Johnny Boychuk and loses puck.
11:33 of 1st period - Minor Penalty to Viktor Arvidsson for Hooking.
11:34 of 1st period - Noel Acciari wins face-off versus Erik Haula in Jets zone.
11:59 of 1st period - Sidney Crosby is hit by Jeff Schultz.
13:33 of 1st period - Penalty to Viktor Arvidsson is over, Viktor Arvidsson is back on ice.
13:40 of 1st period - Slapshot by Cody Franson.
13:40 of 1st period - Stopped by Marc-André Fleury with a rebound.
14:01 of 1st period - Jeff Schultz is hit by Brandon Burlon and loses puck.
14:10 of 1st period - Snap shot by Eric Wellwood.
14:10 of 1st period - Shot Misses the Net.
14:27 of 1st period - Cody Franson is hit by Eric Nystrom and loses puck.
14:55 of 1st period - Sidney Crosby is hit by Frank Vatrano and loses puck.
15:44 of 1st period - Loui Eriksson is hit by Eric Nystrom and loses puck.
15:57 of 1st period - Viktor Arvidsson is hit by Eric Gelinas and loses puck.
17:00 of 1st period - Wrist shot by Cody Franson.
17:00 of 1st period - Deflect By Viktor Arvidsson.
17:00 of 1st period - Stopped by Marc-André Fleury with a rebound.
17:21 of 1st period - Jeff Schultz is hit by Reilly Smith and loses puck.
17:42 of 1st period - Minor Penalty to Frank Vatrano for Cross-checking.
17:43 of 1st period - Sidney Crosby wins face-off versus Noel Acciari in Jets zone.
17:44 of 1st period - Snap shot by Sean Bergenheim.
17:44 of 1st period - Stopped by Marc-André Fleury without a rebound.
17:45 of 1st period - Reilly Smith wins face-off versus Noel Acciari in Jets zone.
17:52 of 1st period - Backhand shot by Sidney Crosby.
17:52 of 1st period - Goal by Sidney Crosby - Jets : 0 - Senateurs : 4.
17:52 of 1st period - Michal Neuvirth enters game.
17:53 of 1st period - Sidney Crosby wins face-off versus Ryan Johansen in neutral zone.
18:00 of 1st period - Snap shot by Sidney Crosby.
18:00 of 1st period - Stopped by Michal Neuvirth with a rebound.
18:20 of 1st period - Eric Gelinas is hit by Jeff Schultz and loses puck.
18:31 of 1st period - Dougie Hamilton is hit by Max Pacioretty.
18:51 of 1st period - Cody Franson is hit by Marco Scandella and loses puck.
19:25 of 1st period - Noel Acciari is hit by Mike Green and loses puck.
Goals for this period are 0 for Jets vs 4 for Senateurs.
Shots for this period are 5 for Jets vs 11 for Senateurs.
2nd period
0:01 of 2nd period - Sidney Crosby wins face-off versus Ryan Johansen in neutral zone.
0:14 of 2nd period - Slapshot by Sidney Crosby.
0:14 of 2nd period - Stopped by Michal Neuvirth with a rebound.
0:16 of 2nd period - Snap shot by Sidney Crosby.
0:16 of 2nd period - Deflect By Sean Bergenheim.
0:16 of 2nd period - Shot Blocked by Viktor Arvidsson.
0:16 of 2nd period - Puck is out of play.
0:17 of 2nd period - Erik Haula wins face-off versus Adam Henrique in Jets zone.
0:24 of 2nd period - Wrist shot by Jason Pominville.
0:24 of 2nd period - Shot Blocked by Dougie Hamilton.
0:26 of 2nd period - Slapshot by Erik Haula.
0:26 of 2nd period - Shot Misses the Net.
0:28 of 2nd period - Slapshot by Eric Gelinas.
0:28 of 2nd period - Deflect By Jason Pominville.
0:28 of 2nd period - Shot Blocked by Dougie Hamilton.
0:28 of 2nd period - Puck is out of play.
0:29 of 2nd period - Jason Zucker wins face-off versus Sidney Crosby in Jets zone.
0:42 of 2nd period - Wrist shot by Viktor Arvidsson.
0:42 of 2nd period - Shot Blocked by Sean Bergenheim.
0:44 of 2nd period - Snap shot by Ryan Johansen.
0:44 of 2nd period - Shot Blocked by Eric Gelinas.
0:46 of 2nd period - Backhand shot by Ryan Johansen.
0:46 of 2nd period - Stopped by Jonathan Bernier with a rebound.
0:52 of 2nd period - Minor Penalty to Sidney Crosby for Hooking.
0:53 of 2nd period - Erik Haula wins face-off versus Adam Henrique in Senateurs zone.
1:06 of 2nd period - Slapshot by Adam Henrique.
1:06 of 2nd period - Shot Blocked by Sean Bergenheim.
1:08 of 2nd period - Slapshot by Dougie Hamilton.
1:08 of 2nd period - Stopped by Jonathan Bernier without a rebound.
1:09 of 2nd period - Erik Haula wins face-off versus Adam Henrique in Senateurs zone.
2:52 of 2nd period - Penalty to Sidney Crosby is over, Sidney Crosby is back on ice.
3:00 of 2nd period - Wrist shot by Taylor Chorney.
3:00 of 2nd period - Stopped by Michal Neuvirth without a rebound.
3:01 of 2nd period - Tim Connolly wins face-off versus Alexander Wennberg in Jets zone.
3:17 of 2nd period - Tim Connolly is hit by Brent Burns and loses puck.
3:32 of 2nd period - Slapshot by Alexander Wennberg.
3:32 of 2nd period - Stopped by Jonathan Bernier without a rebound.
3:33 of 2nd period - Ryan Johansen wins face-off versus Sidney Crosby in Senateurs zone.
3:34 of 2nd period - Wrist shot by Viktor Arvidsson.
3:34 of 2nd period - Stopped by Jonathan Bernier with a rebound.
3:49 of 2nd period - Sidney Crosby is hit by Dougie Hamilton and loses puck.
4:18 of 2nd period - Dougie Hamilton is hit by Mike Green.
4:22 of 2nd period - Wrist shot by Eric Wellwood.
4:22 of 2nd period - Stopped by Michal Neuvirth with a rebound.
4:24 of 2nd period - Wrist shot by Ryan Getzlaf.
4:24 of 2nd period - Stopped by Michal Neuvirth without a rebound.
4:25 of 2nd period - Ryan Johansen wins face-off versus Sidney Crosby in Jets zone.
4:40 of 2nd period - Wrist shot by Reilly Smith.
4:40 of 2nd period - Stopped by Michal Neuvirth without a rebound.
4:41 of 2nd period - Erik Haula wins face-off versus Adam Henrique in Jets zone.
5:13 of 2nd period - Taylor Chorney is hit by Ryan Johansen and loses puck.
5:28 of 2nd period - Slapshot by Cody Franson.
5:28 of 2nd period - Shot Misses the Net.
5:34 of 2nd period - Loui Eriksson is hit by Eric Nystrom and loses puck.
5:55 of 2nd period - Wrist shot by Eric Wellwood.
5:55 of 2nd period - Stopped by Michal Neuvirth with a rebound.
5:57 of 2nd period - Wrist shot by Max Friberg.
5:57 of 2nd period - Stopped by Michal Neuvirth without a rebound.
5:58 of 2nd period - Ryan Johansen wins face-off versus Sidney Crosby in Jets zone.
6:03 of 2nd period - Wrist shot by Sean Bergenheim.
6:03 of 2nd period - Shot Blocked by Brent Burns.
6:05 of 2nd period - Snap shot by Eric Gelinas.
6:05 of 2nd period - Shot Blocked by Brent Burns.
6:07 of 2nd period - Wrist shot by Sean Bergenheim.
6:07 of 2nd period - Shot Blocked by Jason Zucker.
6:09 of 2nd period - Wrist shot by Sean Bergenheim.
6:09 of 2nd period - Shot Blocked by Jason Zucker.
6:26 of 2nd period - Minor Penalty to Mike Green for Holding.
6:27 of 2nd period - Sidney Crosby wins face-off versus Viktor Arvidsson in Senateurs zone.
6:36 of 2nd period - Wrist shot by Adam Henrique.
6:36 of 2nd period - Stopped by Jonathan Bernier with a rebound.
6:38 of 2nd period - Snap shot by Jason Zucker.
6:38 of 2nd period - Stopped by Jonathan Bernier with a rebound.
6:40 of 2nd period - Snap shot by Dougie Hamilton.
6:40 of 2nd period - Shot Misses the Net.
6:42 of 2nd period - Slapshot by Dougie Hamilton.
6:42 of 2nd period - Stopped by Jonathan Bernier without a rebound.
6:43 of 2nd period - Adam Henrique wins face-off versus Sidney Crosby in Senateurs zone.
6:50 of 2nd period - Wrist shot by Jason Zucker.
6:50 of 2nd period - Shot Misses the Net.
7:00 of 2nd period - Eric Gelinas is hit by Jake McCabe and loses puck.
7:25 of 2nd period - Slapshot by Adam Henrique.
7:25 of 2nd period - Shot Hit the Post.
7:37 of 2nd period - Slapshot by Kyle Okposo.
7:37 of 2nd period - Shot Misses the Net.
8:26 of 2nd period - Penalty to Mike Green is over, Mike Green is back on ice.
9:05 of 2nd period - Backhand shot by Mike Green.
9:05 of 2nd period - Stopped by Michal Neuvirth with a rebound.
9:17 of 2nd period - Marco Scandella is hit by Mike Green.
9:41 of 2nd period - Adam Henrique is hit by Mike Green and loses puck.
10:26 of 2nd period - Slapshot by Mike Green.
10:26 of 2nd period - Goal by Mike Green - Jets : 0 - Senateurs : 5.
10:27 of 2nd period - Ryan Johansen wins face-off versus Sidney Crosby in neutral zone.
10:30 of 2nd period - Slapshot by Ryan Johansen.
10:30 of 2nd period - Stopped by Jonathan Bernier without a rebound.
10:31 of 2nd period - Ryan Johansen wins face-off versus Sidney Crosby in Senateurs zone.
10:32 of 2nd period - Snap shot by Jason Zucker.
10:32 of 2nd period - Goal by Jason Zucker - Jets : 1 - Senateurs : 5.
10:33 of 2nd period - Sidney Crosby wins face-off versus Ryan Johansen in neutral zone.
10:42 of 2nd period - Slapshot by Jeff Schultz.
10:42 of 2nd period - Deflect By Eric Gelinas.
10:42 of 2nd period - Stopped by Jonathan Bernier with a rebound.
11:00 of 2nd period - Slapshot by Adam Henrique.
11:00 of 2nd period - Stopped by Jonathan Bernier without a rebound.
11:01 of 2nd period - Adam Henrique wins face-off versus Erik Haula in Senateurs zone.
11:28 of 2nd period - Jason Zucker is hit by Sidney Crosby and loses puck.
11:35 of 2nd period - Wrist shot by Sean Bergenheim.
11:35 of 2nd period - Stopped by Michal Neuvirth with a rebound.
11:37 of 2nd period - Slapshot by Mike Green.
11:37 of 2nd period - Stopped by Michal Neuvirth without a rebound.
11:38 of 2nd period - Ryan Johansen wins face-off versus Erik Haula in Jets zone.
11:43 of 2nd period - Snap shot by Jason Zucker.
11:43 of 2nd period - Stopped by Jonathan Bernier without a rebound.
11:44 of 2nd period - Erik Haula wins face-off versus Ryan Johansen in Senateurs zone.
11:57 of 2nd period - Snap shot by Viktor Arvidsson.
11:57 of 2nd period - Shot Misses the Net.
11:59 of 2nd period - Backhand shot by Ryan Johansen.
11:59 of 2nd period - Shot Misses the Net.
12:11 of 2nd period - Jeff Schultz is hit by Sidney Crosby and loses puck.
12:18 of 2nd period - Slapshot by Sidney Crosby.
12:18 of 2nd period - Shot Misses the Net.
12:20 of 2nd period - Slapshot by Cody Franson.
12:20 of 2nd period - Shot Misses the Net.
12:36 of 2nd period - Wrist shot by Pierre-Marc Bouchard.
12:36 of 2nd period - Shot Misses the Net.
12:46 of 2nd period - Snap shot by Alexander Wennberg.
12:46 of 2nd period - Stopped by Jonathan Bernier without a rebound.
12:47 of 2nd period - Ryan Johansen wins face-off versus Sidney Crosby in Senateurs zone.
12:50 of 2nd period - Slapshot by Ryan Johansen.
12:50 of 2nd period - Shot Misses the Net.
13:45 of 2nd period - Minor Penalty to Noel Acciari for High sticking.
13:46 of 2nd period - Reilly Smith wins face-off versus Kyle Okposo in Jets zone.
13:58 of 2nd period - Wrist shot by Sean Bergenheim.
13:58 of 2nd period - Stopped by Michal Neuvirth without a rebound.
13:59 of 2nd period - Sidney Crosby wins face-off versus Kyle Okposo in Jets zone.
14:14 of 2nd period - Brent Burns is hit by Sean Bergenheim and loses puck.
15:45 of 2nd period - Penalty to Noel Acciari is over, Noel Acciari is back on ice.
16:02 of 2nd period - Alexander Wennberg is hit by Cody Franson and loses puck.
17:27 of 2nd period - Pierre-Marc Bouchard is hit by Tim Connolly and loses puck.
17:46 of 2nd period - Wrist shot by Jason Pominville.
17:46 of 2nd period - Stopped by Michal Neuvirth without a rebound.
17:47 of 2nd period - Erik Haula wins face-off versus Ryan Johansen in Jets zone.
17:56 of 2nd period - Slapshot by Jake McCabe.
17:56 of 2nd period - Stopped by Jonathan Bernier with a rebound.
18:12 of 2nd period - Jake McCabe is hit by Reilly Smith and loses puck.
18:19 of 2nd period - Slapshot by Sean Bergenheim.
18:19 of 2nd period - Deflect By Jake McCabe.
18:19 of 2nd period - Stopped by Michal Neuvirth with a rebound.
18:21 of 2nd period - Slapshot by Taylor Chorney.
18:21 of 2nd period - Shot Blocked by Jake McCabe.
18:25 of 2nd period - Snap shot by Sidney Crosby.
18:25 of 2nd period - Stopped by Michal Neuvirth with a rebound.
19:08 of 2nd period - Ryan Getzlaf is hit by Noel Acciari and loses puck.
19:51 of 2nd period - Wrist shot by Adam Henrique.
19:51 of 2nd period - Stopped by Jonathan Bernier with a rebound.
19:53 of 2nd period - Wrist shot by Adam Henrique.
19:53 of 2nd period - Stopped by Jonathan Bernier with a rebound.
Goals for this period are 1 for Jets vs 1 for Senateurs.
Shots for this period are 16 for Jets vs 15 for Senateurs.
3rd period
0:01 of 3rd period - Sidney Crosby wins face-off versus Ryan Johansen in neutral zone.
0:50 of 3rd period - Minor Penalty to Marco Scandella for Hooking.
0:51 of 3rd period - Sidney Crosby wins face-off versus Noel Acciari in Jets zone.
0:56 of 3rd period - Wrist shot by Reilly Smith.
0:56 of 3rd period - Stopped by Michal Neuvirth with a rebound.
1:08 of 3rd period - Snap shot by Sidney Crosby.
1:08 of 3rd period - Deflect By Reilly Smith.
1:08 of 3rd period - Goal by Reilly Smith - Jets : 1 - Senateurs : 6.
1:09 of 3rd period - Sidney Crosby wins face-off versus Ryan Johansen in neutral zone.
1:12 of 3rd period - Ryan Johansen is hit by Reilly Smith and loses puck.
1:19 of 3rd period - Snap shot by Dougie Hamilton.
1:19 of 3rd period - Goal by Dougie Hamilton - Jets : 2 - Senateurs : 6.
1:20 of 3rd period - Sidney Crosby wins face-off versus Ryan Johansen in neutral zone.
1:34 of 3rd period - Off-side.
1:35 of 3rd period - Kyle Okposo wins face-off versus Jason Pominville in neutral zone.
1:46 of 3rd period - Snap shot by Adam Henrique.
1:46 of 3rd period - Shot Misses the Net.
1:48 of 3rd period - Wrist shot by Adam Henrique.
1:48 of 3rd period - Shot Blocked by Mike Green.
2:24 of 3rd period - Icing by Pierre-Marc Bouchard.
2:25 of 3rd period - Alexander Wennberg wins face-off versus Max Friberg in Jets zone.
2:25 of 3rd period - Alexander Wennberg is hit by Ryan Getzlaf.
2:28 of 3rd period - Icing by Marco Scandella.
2:29 of 3rd period - Ryan Getzlaf wins face-off versus Alexander Wennberg in Jets zone.
2:30 of 3rd period - Wrist shot by Eric Wellwood.
2:30 of 3rd period - Shot Hit the Post.
2:48 of 3rd period - Slapshot by Alexander Wennberg.
2:48 of 3rd period - Shot Misses the Net.
2:50 of 3rd period - Snap shot by Pierre-Marc Bouchard.
2:50 of 3rd period - Shot Misses the Net.
3:02 of 3rd period - Wrist shot by Eric Nystrom.
3:02 of 3rd period - Stopped by Jonathan Bernier with a rebound.
3:04 of 3rd period - Snap shot by Brent Burns.
3:04 of 3rd period - Deflect By Eric Nystrom.
3:04 of 3rd period - Shot Blocked by Ryan Getzlaf.
3:04 of 3rd period - Puck is out of play.
3:05 of 3rd period - Ryan Johansen wins face-off versus Sidney Crosby in Senateurs zone.
3:08 of 3rd period - Slapshot by Ryan Johansen.
3:08 of 3rd period - Shot Misses the Net.
3:27 of 3rd period - Minor Penalty to Cody Franson for Holding.
3:28 of 3rd period - Sidney Crosby wins face-off versus Adam Henrique in Senateurs zone.
4:52 of 3rd period - Marco Scandella is hit by Eric Wellwood and loses puck.
5:27 of 3rd period - Penalty to Cody Franson is over, Cody Franson is back on ice.
5:40 of 3rd period - Minor Penalty to Jake McCabe for Hooking.
5:41 of 3rd period - Noel Acciari wins face-off versus Erik Haula in Jets zone.
7:22 of 3rd period - Reilly Smith is hit by Brent Burns and loses puck.
7:40 of 3rd period - Penalty to Jake McCabe is over, Jake McCabe is back on ice.
8:12 of 3rd period - Brandon Burlon is hit by Viktor Arvidsson and loses puck.
8:17 of 3rd period - Snap shot by Viktor Arvidsson.
8:17 of 3rd period - Shot Blocked by Tim Connolly.
8:19 of 3rd period - Slapshot by Jake McCabe.
8:19 of 3rd period - Shot Blocked by Wes O'Neill.
8:21 of 3rd period - Slapshot by Jason Zucker.
8:21 of 3rd period - Shot Misses the Net.
8:43 of 3rd period - Max Friberg is hit by Noel Acciari and loses puck.
9:04 of 3rd period - Wes O'Neill is hit by Max Domi and loses puck.
9:58 of 3rd period - Slapshot by Max Domi.
9:58 of 3rd period - Stopped by Jonathan Bernier with a rebound.
10:17 of 3rd period - Off-side.
10:18 of 3rd period - Alexander Wennberg wins face-off versus Sidney Crosby in neutral zone.
10:21 of 3rd period - Wrist shot by Eric Nystrom.
10:21 of 3rd period - Stopped by Jonathan Bernier without a rebound.
10:22 of 3rd period - Ryan Johansen wins face-off versus Sidney Crosby in Senateurs zone.
10:34 of 3rd period - Snap shot by Ryan Johansen.
10:34 of 3rd period - Shot Misses the Net.
10:36 of 3rd period - Wrist shot by Marco Scandella.
10:36 of 3rd period - Shot Misses the Net.
10:38 of 3rd period - Snap shot by Viktor Arvidsson.
10:38 of 3rd period - Shot Misses the Net.
10:50 of 3rd period - Adam Henrique is hit by Eric Gelinas and loses puck.
11:23 of 3rd period - Wrist shot by Pierre-Marc Bouchard.
11:23 of 3rd period - Shot Blocked by Eric Wellwood.
11:38 of 3rd period - Minor Penalty to Johnny Boychuk for Hooking.
11:39 of 3rd period - Sidney Crosby wins face-off versus Noel Acciari in Jets zone.
11:53 of 3rd period - Wrist shot by Sidney Crosby.
11:53 of 3rd period - Shot Blocked by Brent Burns.
13:38 of 3rd period - Penalty to Johnny Boychuk is over, Johnny Boychuk is back on ice.
14:02 of 3rd period - Slapshot by Brandon Burlon.
14:02 of 3rd period - Shot Misses the Net.
14:08 of 3rd period - Slapshot by Johnny Boychuk.
14:08 of 3rd period - Shot Misses the Net.
14:34 of 3rd period - Max Friberg is hit by Viktor Arvidsson and loses puck.
14:38 of 3rd period - Icing by Max Friberg.
14:39 of 3rd period - Ryan Johansen wins face-off versus Ryan Getzlaf in Senateurs zone.
14:48 of 3rd period - Snap shot by Viktor Arvidsson.
14:48 of 3rd period - Shot Misses the Net.
14:50 of 3rd period - Slapshot by Brent Burns.
14:50 of 3rd period - Stopped by Jonathan Bernier without a rebound.
14:51 of 3rd period - Adam Henrique wins face-off versus Sidney Crosby in Senateurs zone.
14:56 of 3rd period - Snap shot by Max Domi.
14:56 of 3rd period - Goal by Max Domi - Jets : 3 - Senateurs : 6.
14:57 of 3rd period - Sidney Crosby wins face-off versus Ryan Johansen in neutral zone.
15:01 of 3rd period - Snap shot by Sean Bergenheim.
15:01 of 3rd period - Shot Misses the Net.
15:13 of 3rd period - Slapshot by Sidney Crosby.
15:13 of 3rd period - Shot Misses the Net.
15:30 of 3rd period - Jeff Schultz is hit by Cody Franson and loses puck.
15:47 of 3rd period - Alexander Wennberg is hit by Taylor Chorney and loses puck.
15:54 of 3rd period - Slapshot by Brent Burns.
15:54 of 3rd period - Stopped by Jonathan Bernier with a rebound.
15:56 of 3rd period - Slapshot by Marco Scandella.
15:56 of 3rd period - Shot Misses the Net.
16:06 of 3rd period - Sidney Crosby is hit by Jordan Martinook and loses puck.
16:11 of 3rd period - Snap shot by Noel Acciari.
16:11 of 3rd period - Stopped by Jonathan Bernier with a rebound.
16:13 of 3rd period - Snap shot by Johnny Boychuk.
16:13 of 3rd period - Stopped by Jonathan Bernier with a rebound.
16:15 of 3rd period - Snap shot by Noel Acciari.
16:15 of 3rd period - Goal by Noel Acciari - Jets : 4 - Senateurs : 6.
16:16 of 3rd period - Alexander Wennberg wins face-off versus Tim Connolly in neutral zone.
16:25 of 3rd period - Slapshot by Dougie Hamilton.
16:25 of 3rd period - Deflect By Rostislav Olesz.
16:25 of 3rd period - Stopped by Jonathan Bernier with a rebound.
17:15 of 3rd period - Brent Burns is hit by Jason Pominville and loses puck.
17:26 of 3rd period - Eric Wellwood is hit by Noel Acciari and loses puck.
17:45 of 3rd period - Minor Penalty to Ryan Getzlaf for Hooking.
17:46 of 3rd period - Sidney Crosby wins face-off versus Adam Henrique in Senateurs zone.
18:58 of 3rd period - Off-side.
18:59 of 3rd period - Adam Henrique wins face-off versus Erik Haula in neutral zone.
19:45 of 3rd period - Penalty to Ryan Getzlaf is over, Ryan Getzlaf is back on ice.
19:46 of 3rd period - Erik Haula is hit by Dougie Hamilton and loses puck.
Goals for this period are 3 for Jets vs 1 for Senateurs.
Shots for this period are 11 for Jets vs 2 for Senateurs.